AoeStats
← carloscanon98

Arabia

510307178Analyzed
1v1 RM · 15h ago on Sep 30, 2026· 40m 28s· 2 players
Game mode
Random Map
Map size
Tiny (2 player)
Population
200
Speed
Normal
Resources
Standard
Victory
Conquest
Starting age
Dark Age
Ending age
Imperial Age
RankedLock teamsTeams togetherTeam positionsShared explorationLock speedFull tech treeHidden civsTurbo modeCheats
Victory
Defeat
🇨🇷 Cumans · Costa Rica
370
+15
🇨🇴 Teutons · Colombia
356
-15
carloscanon98
3:01 Loom
23:24 Feudal Age
25:03 Man-at-Arms
25:29 Arson
25:47 Horse Collar
27:00 Double-Bit Axe
30:54 Scale Mail Armor
31:05 Forging
35:45 Wheelbarrow
Battuzai
7:13 Loom
9:51 Feudal Age
10:26 Double-Bit Axe
15:10 Horse Collar
19:01 Man-at-Arms
19:54 Forging
20:54 Wheelbarrow
24:33 Castle Age
24:41 Scale Mail Armor
24:34 Fletching
26:06 Bow Saw
30:10 Hand Cart
29:33 Long Swordsman
31:25 Light Cavalry
32:16 Bloodlines
32:22 Scale Barding Armor
32:54 Iron Casting
32:34 Chain Mail Armor
32:15 Bodkin Arrow
33:07 Arson
33:23 Squires
38:49 Imperial Age
37:21 Pikeman
40:02 Onager
Connection lost

Rejoining the realm…

Still unreachable

The connection could not be restored.

Session expired

The server has moved on; the page needs a fresh start.